AoeStats
← mr.morbido2.0

Hideout

509578253Analyzed
1v1 RM · 6d ago on Sep 27, 2026· 92m 50s· 2 players
Game mode
Random Map
Map size
Tiny (2 player)
Population
200
Speed
Normal
Resources
Standard
Victory
Conquest
Starting age
Dark Age
Ending age
Imperial Age
RankedLock teamsTeams togetherTeam positionsShared explorationLock speedFull tech treeHidden civsTurbo modeCheats
Victory
Defeat
🇮🇹 Sicilians · Italy
1235
+15
🇨🇭 Inca · Switzerland
1211
-15
jantotu
8:49 Loom
10:58 Feudal Age
11:40 Double-Bit Axe
14:50 Fletching
23:29 Castle Age
23:51 Crossbowman
24:40 Bodkin Arrow
24:57 Padded Archer Armor
25:53 Horse Collar
31:37 Wheelbarrow
39:17 Imperial Age
37:03 Hand Cart
37:06 Leather Archer Armor
36:51 Scale Mail Armor
37:02 Forging
38:31 Ballistics
39:31 Arbalester
40:07 Champi Runner
40:48 Squires
41:07 Chain Mail Armor
41:55 Bow Saw
41:45 Heavy Plow
42:03 Thumb Ring
43:27 Gold Mining
45:06 Iron Casting
44:32 Bracer
43:56 Champi Warrior
45:08 Elite Champi Warrior
45:47 Pikeman
48:22 Blast Furnace
47:53 Plate Mail Armor
73:44 Halberdier
mr.morbido2.0
6:27 Loom
9:18 Feudal Age
12:54 Fletching
18:55 Double-Bit Axe
25:54 Castle Age
25:05 Gold Mining
25:06 Stone Mining
30:06 Bodkin Arrow
30:58 Wheelbarrow
31:12 Gold Mining
37:26 Hand Cart
37:57 Bow Saw
40:32 Imperial Age
38:30 Scale Barding Armor
39:17 Forging
40:26 Bloodlines
40:44 Chain Barding Armor
40:46 Husbandry
42:03 Horse Collar
44:10 Iron Casting
43:34 Cavalier
45:00 Plate Barding Armor
48:38 Blast Furnace
47:39 Scale Mail Armor
48:16 Light Cavalry
49:59 Conscription
52:46 Heavy Scorpion
62:22 Elite Skirmisher
64:42 Chemistry
66:33 Bracer
66:49 Chain Mail Armor
68:35 Heavy Plow
69:34 Pikeman
70:00 Arson
72:11 Halberdier
73:28 Plate Mail Armor
73:50 Squires
89:43 Ballistics
92:19 Padded Archer Armor
Connection lost

Rejoining the realm…

Still unreachable

The connection could not be restored.

Session expired

The server has moved on; the page needs a fresh start.